 Dungeon Crawl Stone Soup version 0.27.1-33-g824d729ab1 (webtiles) character file.

Game seed: 9567525358407920704

0 daervis the Skirmisher (level 1, -1/14 HPs)
             Began as a Gargoyle Berserker on Dec 23, 2021.
             Was a Follower of Trog.
             Frozen to death by an endoplasm (3 damage)
             ... on level 1 of the Dungeon.
             The game lasted 00:00:33 (13 turns).

daervis the Skirmisher (Gargoyle Berserker)           Turns: 13, Time: 00:00:33

Health: -1/14      AC:  4    Str: 20    XL:     1   Next: 10%
Magic:  1/1        EV: 11    Int:  7    God:    Trog [*.....]
Gold:   0          SH:  0    Dex:  9    Spells: 0/0 levels left

rFire    . . .     SeeInvis .   a - +0 hand axe
rCold    . . .     Faith    .   (no shield)
rNeg     + . .     Spirit   .   b - +0 animal skin
rPois    ∞         Reflect  .   (no helmet)
rElec    +         Harm     .   (no cloak)
rCorr    .         Rampage  .   (no gloves)
Will     .....                  (no boots)
Stlth    +.........             (no amulet)
HPRegen  0.04/turn              (no ring)
MPRegen  0.07/turn              (no ring)

@: no status effects
A: sickness immunity, AC +2, negative energy resistance 1, electricity
resistance, torment resistance 1, petrification resistance
a: Renounce Religion, Berserk


You were on level 1 of the Dungeon.
You worshipped Trog.
Trog was aware of your devotion.
You visited 1 branch of the dungeon, and saw 1 of its levels.

Inventory:

Hand Weapons
 a - a +0 hand axe (weapon)
Armour
 b - a +0 animal skin (worn)


   Skills:
 + Level 3.3 Fighting
 + Level 2.7 Axes
 + Level 2.2 Armour
 - Level 1.5 Dodging


You couldn't memorise any spells.
You didn't know any spells.
Your spell library was empty.

Dungeon Overview and Level Annotations

Branches:
Dungeon (1/15)

Altars:


Innate Abilities, Weirdness & Mutations

You are immune to sickness and miasma.
Your stone body is resilient. (AC +2)
You are immune to poison.
You resist negative energy. (rN+)
You are resistant to electric shocks. (rElec)
You are resistant to unholy torment.
You are immune to petrification.


Message History

Found an escape hatch in the floor.
You stumble into a teleport trap!
You are suddenly yanked towards some nearby monsters!
Your surroundings suddenly seem different.
An endoplasm, a goblin and a kobold come into view.
Found a fuming golden potion.
You see here a fuming golden potion.
You closely miss the kobold. The kobold barely misses you.
You closely miss the kobold. You closely miss the goblin.
The goblin barely misses you. The kobold barely misses you.
You hit the kobold.
The kobold is severely wounded.
You barely miss the goblin.
The endoplasm quivers.
The goblin closely misses you. The kobold hits you but does no damage.
You hit the kobold.
You kill the kobold!
Trog accepts your kill.
You hit the goblin. The goblin closely misses you.
The goblin closely misses you.
Things that are here:
a +0 short sword; a kobold corpse You miss the goblin.
The goblin is heavily wounded.
The goblin hits you with a +0 dagger.
You miss the goblin.
The goblin is heavily wounded.
The goblin hits you with a +0 dagger. The goblin closely misses you.
You barely miss the endoplasm. You closely miss the goblin.
The endoplasm freezes you.
You are frozen.
The goblin hits you with a +0 dagger.
* * * LOW HITPOINT WARNING * * *
The endoplasm freezes you.
You are frozen.
* * * LOW HITPOINT WARNING * * *
You barely miss the endoplasm. You hit the goblin.
The goblin barely misses you. The endoplasm freezes you.
You are frozen.
You die...

.. ##.# ##
...#
...#+###..#
.......#..#
.......#..#
.......#J.#
#...@!.#
.......g#.#
........#.#
........#.#
........+.#
.
........###
. ........#
. #########


You could see an endoplasm and a goblin.

Vanquished Creatures
  A kobold (D:1)
1 creature vanquished.

Notes
Turn   | Place    | Note
-------+----------+-------------------------------------------
     0 | D:1      | daervis the Gargoyle Berserker began the quest for the Orb.
     0 | D:1      | Reached XP level 1. HP: 14/14 MP: 1/1
    13 | D:1      | Frozen to death by an endoplasm

Illustrated notes

Levels and vault maps discovered:
D:1:      minmay_arrival_five_plusses, layout_basic,
          shapermc_ecumenical_altar_flowoftime, minmay_small_reverse_x

Action                   || total
-------------------------++-------
Melee: Hand axe          ||     8
Armor: Animal skin       ||     1
Dodge: Dodged            ||     8
